Login

Syracuse Crunch vs Charlotte Checkers

Created - 01 April 2024 at 23:31

Goals
1 2 3 T
Syracuse Crunch 0 4 3 7
Charlotte Checkers 0 3 2 5
Shots
1 2 3 T
Syracuse Crunch 8 6 5 19
Charlotte Checkers 2 9 14 25

GoalsPenalties
1st period
No Goal
Joseph Cramarossa (CHA) for Tripping (Minor) at 18:27
2nd period
1. Charlotte Checkers , Zac Dalpe 9 (Alexander True 2) at 3:30
2. Charlotte Checkers , Jonah Gadjovich 11 (Aleksi Heponiemi 9, Patrick Giles 1) at 4:52
3. Charlotte Checkers , Zac Dalpe 10 (Lucas Carlsson 4, William Lockwood 10) at 5:02
4. Syracuse Crunch , Alex Barre-Boulet 6 (Cole Koepke 6) at 5:16
5. Syracuse Crunch , Jack Finley 2 (Gabriel Fortier 8, Logan Brown 6) at 5:54
6. Syracuse Crunch , Logan Brown 5 (Gabriel Fortier 9, Jack Finley 2) at 7:18 (PP)
7. Syracuse Crunch , Alex Barre-Boulet 7 (Cole Koepke 7, Brenden Miller 6) at 7:46
Frederic Allard (CHA) for High sticking (Minor) at 6:29
Matt Kiersted (CHA) for Tripping (Minor) at 7:49
3rd period
8. Syracuse Crunch , Mitchell Chaffee 2 (Felix Robert 2, Jaydon Dureau 4) at 2:29 (PP)
9. Charlotte Checkers , Rocco Grimaldi 4 (Jonah Gadjovich 9, Aleksi Heponiemi 10) at 10:38
10. Charlotte Checkers , Riley Barber 2 (Rocco Grimaldi 3, Matt Kiersted 5) at 14:57
11. Syracuse Crunch , Gage Goncalves 2 (Logan Brown 7, Gabriel Fortier 10) at 19:05
12. Syracuse Crunch , Declan Carlile 1 (Alex Barre-Boulet 12, Sean Day 3) at 19:25 (Empty Net)
Austin Strand (CHA) for Head-butting (Major / Game Misconduct) at 0:20
Joseph Cramarossa (CHA) for Tripping (Minor) at 7:04
Frederic Allard (CHA) for Holding (Minor) at 7:35
Goalie Stats
Luke Peressini (SYR), 20 saves from 25 shots - (0.800), W, 2-3-0, 60:00 minutes
Spencer Knight (CHA), 10 saves from 15 shots - (0.667), 42:29 minutes
Cayden Primeau (CHA), 2 saves from 3 shots - (0.667), L, 1-2-0, 17:19 minutes
3 StarsOfficial
1 - Alex Barre-Boulet (SYR)
2 - Logan Brown (SYR)
3 - Zac Dalpe (CHA)
Referees : Ghislain Hebert and Tom Chmielewski
Linesman : Brian Murphy and Bevan Mills
Game Note
2:16 of 2nd period - Charlotte Checkers goal is going for a video replay. After video review, No Goal. The net was displaced accidentally.
Austin Strand (CHA) for Head-butting (Major / Game Misconduct) at 0:20
Austin Strand ejected from game at 0:20 of 3rd period
Cayden Primeau enters game at 2:29 of 3rd period
Declan Carlile has scored in a empty net!
Finance
Level 1 -- Attendance: 1872 (93.60%) -- Ticket Income $65,520
Level 2 -- Attendance: 900 (90.00%) -- Ticket Income $13,500
Total Attendance: 2772 (92.40%)
Total Ticket Income: $79,020
Other Income: $38,720
Total Income: $117,740



Team Name Goals Shots Shots Attemp Shots Blocked PIM HIT PP PK FO%
Syracuse Crunch 7193540182 / 7 (29%)043%
Charlotte Checkers 52551725290 / 0 (0.00%257%

Syracuse Crunch
Player Name POS G A P +/- PIM HIT SHT SB MP PP MP PP SHT PK MP PK SHT FO% FOT GA TA
Alex Barre-BouletC2130023022:126:2100:00054% 2600
Brandon HickeyD0000000119:306:5300:0000% 000
Brenden MillerD0112030020:475:1400:0000% 000
Cole KoepkeLW022-1022015:570:0000:0000% 200
Declan CarlileD101-2002019:390:1300:0000% 001
Felix RobertC011000006:431:0400:0000% 200
Gabriel FortierLW0331011021:104:5100:0000% 111
Gage GoncalvesC1010023015:200:0000:00060% 511
Ilya UsauC000000003:560:0000:0000% 000
Jack FinleyC1120041017:204:4800:0000% 000
Jack ThompsonD0001001121:285:1410:0000% 000
Jake MassieD0000000019:266:5800:0000% 000
Jaydon DureauLW011-1010012:271:0700:0000% 000
Logan BrownC1232001021:424:5110:00029% 711
Lucas EdmondsRW0000020122:196:2800:00025% 410
Mitchell ChaffeeRW101000103:131:0010:0000% 000
Sean DayD011-1001118:530:0000:0000% 010
Simon RyforsC000-1013017:586:1820:0000% 000
Charlotte Checkers
Player Name POS G A P +/- PIM HIT SHT SB MP PP MP PP SHT PK MP PK SHT FO% FOT GA TA
Aleksi HeponiemiC022-1002014:520:0000:00067% 900
Alexander TrueC0111020012:150:0000:0000% 000
Austin StrandD00001510215:470:0003:1800% 000
Calle SjalinD0000000014:460:0000:4700% 001
Frederic AllardD0000411023:200:0005:0200% 001
Jonah GadjovichLW112-2023121:110:0006:28040% 1000
Joona LuotoLW000-2011017:450:0002:590100% 101
Joseph CramarossaC0000422114:530:0000:2800% 010
Justin SourdifC000000000:000:0000:0000% 000
Logan HutskoC000100008:240:0000:0000% 100
Lucas CarlssonD011-2041125:030:0007:4900% 001
Matt KierstedD0111210020:580:0004:3400% 000
Patrick GilesLW011105008:400:0002:290100% 200
Riley BarberLW1011001015:200:0002:16043% 701
Rocco GrimaldiRW1121025016:210:0002:5900% 010
Santtu KinnunenD0001011119:420:0002:4500% 000
William LockwoodRW0110021014:370:0000:00050% 210
Zac DalpeC2020057122:160:0005:41167% 1510

Syracuse Crunch

5 vs 5 Forward
Line #Left WingCenterRight WingPHYDFOFWanted %Time %Time Play
1Cole KoepkeAlex Barre-BouletLucas Edmonds1224038%17:50
2Gabriel FortierLogan BrownJack Finley1223029%13:37
3Jaydon DureauSimon RyforsGage Goncalves1222025%11:43
4Gabriel FortierGage GoncalvesLogan Brown122109%4:14
5 vs 5 Defense
Line #DefenseDefensePHYDFOFWanted %Time %Time Play
1Declan CarlileSean Day1224042%19:58
2Jack ThompsonBrenden Miller1223028%13:30
3Jake MassieBrandon Hickey1222024%11:12
4Jack ThompsonDeclan Carlile122106%2:44
Power Play Forward
Line #Left WingCenterRight WingPHYDFOFWanted %Time %Time Play
1Simon RyforsAlex Barre-BouletLucas Edmonds1226060%7:25
2Gabriel FortierLogan BrownJack Finley1224040%4:51
Power Play Defense
Line #DefenseDefensePHYDFOFWanted %Time %Time Play
1Jake MassieBrandon Hickey1226057%7:02
2Jack ThompsonBrenden Miller1224043%5:14
Penalty Kill 4 Players Forward
Line #CenterWingPHYDFOFWanted %Time %Time Play
1Jack FinleyLogan Brown122600%0:00
2Lucas EdmondsGabriel Fortier122400%0:00
Penalty Kill 4 Players Defense
Line #DefenseDefensePHYDFOFWanted %Time %Time Play
1Jake MassieDeclan Carlile122600%0:00
2Jack ThompsonBrenden Miller122400%0:00
Penalty Kill 3 Players
Line #WingPHYDFOFWanted %Time %Time PlayDefenseDefensePHYDFOFWanted %Time %Time Play
1Gabriel Fortier122600%0:00 Brandon HickeyJake Massie122600%0:00
2Logan Brown122400%0:00 Jack ThompsonBrenden Miller122400%0:00
4 vs 4 Forward
Line #CenterWingPHYDFOFWanted %Time %Time Play
1Lucas EdmondsLogan Brown122600%0:00
2Jack FinleyGabriel Fortier122400%0:00
4 vs 4 Defense
Line #DefensePHYDFOFWanted %Time %Time Play
1Brandon HickeyJake Massie122600%0:00
2Jack ThompsonBrenden Miller122400%0:00
Last Minutes Offensive
Left WingCenterRight WingDefenseDefense
Logan BrownAlex Barre-BouletLucas EdmondsDeclan CarlileSean Day
Last Minutes Defensive
Left WingCenterRight WingDefenseDefense
Logan BrownAlex Barre-BouletLucas EdmondsDeclan CarlileSean Day
Time
Total ForwardTotal DefenseLast Minutes OffensiveLast Minutes Defensive
60:00 60:00 0:000:20
Extra Forwards
Normal PowerPlayPenalty Kill
Jack Finley, Felix Robert, Ilya UsauJack Finley, Felix RobertIlya Usau
Extra Defensemen
Normal PowerPlayPenalty Kill
Jake Massie, Brandon Hickey, Jack ThompsonJake Massie, Brandon HickeyJack Thompson
Penalty Shots
Jack Finley, Logan Brown, Lucas Edmonds, Gabriel Fortier, Simon Ryfors
Goalie
Luke Peressini, Hugo Alnefelt
Custom OT Lines Forwards
Alex Barre-Boulet, Logan Brown, Cole Koepke, Gabriel Fortier, Simon Ryfors, Gage Goncalves, Jack Finley, Lucas Edmonds, Felix Robert, Ilya Usau
Custom OT Lines Defensemen
Brandon Hickey, Declan Carlile, Jack Thompson, Brenden Miller, Jake Massie
Scratches
Bennett MacArthur (Healthy), Garrett Metcalf (Healthy)

Charlotte Checkers

5 vs 5 Forward
Line #Left WingCenterRight WingPHYDFOFWanted %Time %Time Play
1Jonah GadjovichAleksi HeponiemiJoona Luoto1223531%14:28
2William LockwoodZac DalpeJoseph Cramarossa1223531%14:33
3Rocco GrimaldiRiley BarberAlexander True1222026%12:15
4Patrick GilesLogan HutskoZac Dalpe1221013%6:08
5 vs 5 Defense
Line #DefenseDefensePHYDFOFWanted %Time %Time Play
1Austin StrandMatt Kiersted1223539%18:15
2Lucas CarlssonFrederic Allard1223533%15:32
3Santtu KinnunenCalle Sjalin1223027%12:49
4Austin StrandLucas Carlsson12202%0:48
Power Play Forward
Line #Left WingCenterRight WingPHYDFOFWanted %Time %Time Play
1Joona LuotoJonah GadjovichZac Dalpe122600%0:00
2William LockwoodAleksi HeponiemiJoseph Cramarossa122400%0:00
Power Play Defense
Line #DefenseDefensePHYDFOFWanted %Time %Time Play
1Austin StrandMatt Kiersted122600%0:00
2Frederic AllardLucas Carlsson122400%0:00
Penalty Kill 4 Players Forward
Line #CenterWingPHYDFOFWanted %Time %Time Play
1Jonah GadjovichZac Dalpe1226072%7:49
2Joona LuotoRocco Grimaldi1224028%2:59
Penalty Kill 4 Players Defense
Line #DefenseDefensePHYDFOFWanted %Time %Time Play
1Austin StrandLucas Carlsson1226079%8:32
2Matt KierstedFrederic Allard1224021%2:16
Penalty Kill 3 Players
Line #WingPHYDFOFWanted %Time %Time PlayDefenseDefensePHYDFOFWanted %Time %Time Play
1Jonah Gadjovich12260100%1:28 Austin StrandLucas Carlsson12260100%1:28
2Alexander True122400%0:00 Calle SjalinMatt Kiersted122400%0:00
4 vs 4 Forward
Line #CenterWingPHYDFOFWanted %Time %Time Play
1Joona LuotoAleksi Heponiemi122600%0:00
2Zac DalpeRiley Barber122400%0:00
4 vs 4 Defense
Line #DefensePHYDFOFWanted %Time %Time Play
1Matt KierstedAustin Strand122600%0:00
2Santtu KinnunenCalle Sjalin122400%0:00
Last Minutes Offensive
Left WingCenterRight WingDefenseDefense
Joona LuotoJonah GadjovichZac DalpeAustin StrandLucas Carlsson
Last Minutes Defensive
Left WingCenterRight WingDefenseDefense
Joona LuotoJonah GadjovichZac DalpeAustin StrandMatt Kiersted
Time
Total ForwardTotal DefenseLast Minutes OffensiveLast Minutes Defensive
60:00 60:00 0:200:00
Extra Forwards
Normal PowerPlayPenalty Kill
Logan Hutsko, Jonah Gadjovich, Zac DalpeJoona Luoto, Aleksi HeponiemiPatrick Giles
Extra Defensemen
Normal PowerPlayPenalty Kill
Santtu Kinnunen, Austin Strand, Lucas CarlssonMatt Kiersted, Frederic AllardAustin Strand
Penalty Shots
Logan Hutsko, Jonah Gadjovich, Zac Dalpe, Joona Luoto, Aleksi Heponiemi
Goalie
Spencer Knight, Cayden Primeau
Custom OT Lines Forwards
Patrick Giles, Logan Hutsko, Jonah Gadjovich, Zac Dalpe, Joona Luoto, William Lockwood, Aleksi Heponiemi, Joseph Cramarossa, Riley Barber, Rocco Grimaldi
Custom OT Lines Defensemen
Santtu Kinnunen, Austin Strand, Lucas Carlsson, Matt Kiersted, Frederic Allard
Scratches
Josh Davies (Healthy), Casey Fitzgerald (Broken Bone (Right Ankle) Injury), Ryan McAllister (Healthy), Mackie Samoskevich (Healthy), Zach Uens (Healthy) Mack Guzda (Healthy)


Play-by-Play

1st period


0:01 of 1st period - Aleksi Heponiemi wins face-off versus Alex Barre-Boulet in neutral zone.
0:34 of 1st period - Wrist shot by Simon Ryfors.
0:34 of 1st period - Stopped by Spencer Knight with a rebound.
1:07 of 1st period - Off-side.
1:08 of 1st period - Riley Barber wins face-off versus Cole Koepke in neutral zone.
1:15 of 1st period - Wrist shot by Rocco Grimaldi.
1:15 of 1st period - Stopped by Luke Peressini without a rebound.
1:16 of 1st period - Zac Dalpe wins face-off versus Gage Goncalves in Syracuse Crunch zone.
1:31 of 1st period - Slapshot by Gage Goncalves.
1:31 of 1st period - Stopped by Spencer Knight without a rebound.
1:32 of 1st period - Alex Barre-Boulet wins face-off versus Logan Hutsko in Charlotte Checkers zone.
2:18 of 1st period - Slapshot by Simon Ryfors.
2:18 of 1st period - Shot Misses the Net.
2:24 of 1st period - Gage Goncalves is hit by Lucas Carlsson and loses puck.
3:13 of 1st period - Wrist shot by Gage Goncalves.
3:13 of 1st period - Stopped by Spencer Knight without a rebound.
3:14 of 1st period - Alex Barre-Boulet wins face-off versus Aleksi Heponiemi in Charlotte Checkers zone.
3:15 of 1st period - Wrist shot by Cole Koepke.
3:15 of 1st period - Shot Misses the Net.
3:17 of 1st period - Slapshot by Declan Carlile.
3:17 of 1st period - Shot Blocked by Austin Strand.
3:25 of 1st period - Slapshot by Alex Barre-Boulet.
3:25 of 1st period - Stopped by Spencer Knight without a rebound.
3:26 of 1st period - Logan Brown wins face-off versus Zac Dalpe in Charlotte Checkers zone.
3:33 of 1st period - Snap shot by Gabriel Fortier.
3:33 of 1st period - Shot Blocked by Zac Dalpe.
3:38 of 1st period - Off-side.
3:39 of 1st period - Alex Barre-Boulet wins face-off versus Zac Dalpe in neutral zone.
4:05 of 1st period - Matt Kiersted is hit by Jack Finley and loses puck.
5:50 of 1st period - Simon Ryfors is hit by Lucas Carlsson.
7:24 of 1st period - Mitchell Chaffee is hit by Zac Dalpe and loses puck.
7:28 of 1st period - Icing by Brandon Hickey.
7:29 of 1st period - Zac Dalpe wins face-off versus Felix Robert in Syracuse Crunch zone.
7:48 of 1st period - Frederic Allard is hit by Cole Koepke and loses puck.
9:52 of 1st period - Slapshot by Joseph Cramarossa.
9:52 of 1st period - Shot Misses the Net.
11:11 of 1st period - Gage Goncalves is hit by Rocco Grimaldi and loses puck.
12:25 of 1st period - Lucas Carlsson is hit by Lucas Edmonds and loses puck.
13:11 of 1st period - Simon Ryfors is hit by Zac Dalpe and loses puck.
13:55 of 1st period - William Lockwood is hit by Brenden Miller.
14:04 of 1st period - Declan Carlile is hit by Austin Strand and loses puck.
14:40 of 1st period - Gage Goncalves is hit by Zac Dalpe and loses puck.
14:51 of 1st period - Gabriel Fortier is hit by Zac Dalpe and loses puck.
15:10 of 1st period - Alex Barre-Boulet is hit by Alexander True.
15:42 of 1st period - Wrist shot by Lucas Carlsson.
15:42 of 1st period - Stopped by Luke Peressini with a rebound.
16:01 of 1st period - Jaydon Dureau is hit by Jonah Gadjovich and loses puck.
16:12 of 1st period - Alex Barre-Boulet is hit by William Lockwood and loses puck.
16:19 of 1st period - Cole Koepke is hit by Zac Dalpe and loses puck.
17:05 of 1st period - Lucas Carlsson is hit by Alex Barre-Boulet and loses puck.
17:32 of 1st period - Simon Ryfors is hit by William Lockwood and loses puck.
17:56 of 1st period - Icing by Jonah Gadjovich.
17:57 of 1st period - Alex Barre-Boulet wins face-off versus Riley Barber in Charlotte Checkers zone.
17:58 of 1st period - Wrist shot by Cole Koepke.
17:58 of 1st period - Stopped by Spencer Knight without a rebound.
17:59 of 1st period - Alex Barre-Boulet wins face-off versus Riley Barber in Charlotte Checkers zone.
18:10 of 1st period - Backhand shot by Cole Koepke.
18:10 of 1st period - Stopped by Spencer Knight with a rebound.
18:27 of 1st period - Minor Penalty to Joseph Cramarossa for Tripping.
18:28 of 1st period - Alex Barre-Boulet wins face-off versus Jonah Gadjovich in Charlotte Checkers zone.
18:40 of 1st period - Backhand shot by Simon Ryfors.
18:40 of 1st period - Stopped by Spencer Knight with a rebound.
18:42 of 1st period - Snap shot by Simon Ryfors.
18:42 of 1st period - Stopped by Spencer Knight with a rebound.
18:44 of 1st period - Snap shot by Simon Ryfors.
18:44 of 1st period - Shot Misses the Net.
19:27 of 1st period - Jack Finley is hit by Patrick Giles and loses puck.
19:48 of 1st period - Jack Thompson is hit by Rocco Grimaldi and loses puck.
Goals for this period are 0 for Syracuse Crunch vs 0 for Charlotte Checkers.
Shots for this period are 8 for Syracuse Crunch vs 2 for Charlotte Checkers.

2nd period


0:01 of 2nd period - Alex Barre-Boulet wins face-off versus Jonah Gadjovich in neutral zone.
0:15 of 2nd period - Off-side.
0:16 of 2nd period - Alex Barre-Boulet wins face-off versus Jonah Gadjovich in neutral zone.
0:27 of 2nd period - Penalty to Joseph Cramarossa is over, Joseph Cramarossa is back on ice.
1:42 of 2nd period - Icing by Rocco Grimaldi.
1:43 of 2nd period - Alex Barre-Boulet wins face-off versus Riley Barber in Charlotte Checkers zone.
1:44 of 2nd period - Wrist shot by Cole Koepke.
1:44 of 2nd period - Shot Misses the Net.
2:08 of 2nd period - Snap shot by Aleksi Heponiemi.
2:08 of 2nd period - Shot Blocked by Lucas Edmonds.
2:10 of 2nd period - Snap shot by Aleksi Heponiemi.
2:10 of 2nd period - Shot Misses the Net.
2:12 of 2nd period - Snap shot by Joona Luoto.
2:12 of 2nd period - Stopped by Luke Peressini with a rebound.
2:14 of 2nd period - Wrist shot by Jonah Gadjovich.
2:14 of 2nd period - Shot Misses the Net.
2:16 of 2nd period - Snap shot by Aleksi Heponiemi.
2:16 of 2nd period - Charlotte Checkers goal is going for a video replay.
2:16 of 2nd period - The goal is refused. The net was displaced accidentally..
2:17 of 2nd period - Zac Dalpe wins face-off versus Logan Brown in Syracuse Crunch zone.
2:22 of 2nd period - Snap shot by Zac Dalpe.
2:22 of 2nd period - Stopped by Luke Peressini with a rebound.
2:39 of 2nd period - Gabriel Fortier is hit by Joseph Cramarossa.
3:28 of 2nd period - Slapshot by Zac Dalpe.
3:28 of 2nd period - Shot Misses the Net.
3:30 of 2nd period - Wrist shot by Zac Dalpe.
3:30 of 2nd period - Goal by Zac Dalpe - Syracuse Crunch : 0 - Charlotte Checkers : 1.
3:31 of 2nd period - Zac Dalpe wins face-off versus Lucas Edmonds in neutral zone.
3:40 of 2nd period - Snap shot by Zac Dalpe.
3:40 of 2nd period - Shot Misses the Net.
3:56 of 2nd period - Frederic Allard is hit by Gage Goncalves and loses puck.
4:20 of 2nd period - Snap shot by Simon Ryfors.
4:20 of 2nd period - Shot Misses the Net.
4:52 of 2nd period - Slapshot by Aleksi Heponiemi.
4:52 of 2nd period - Deflect By Jonah Gadjovich.
4:52 of 2nd period - Goal by Jonah Gadjovich - Syracuse Crunch : 0 - Charlotte Checkers : 2.
4:53 of 2nd period - William Lockwood wins face-off versus Alex Barre-Boulet in neutral zone.
5:02 of 2nd period - Wrist shot by Zac Dalpe.
5:02 of 2nd period - Goal by Zac Dalpe - Syracuse Crunch : 0 - Charlotte Checkers : 3.
5:03 of 2nd period - Alex Barre-Boulet wins face-off versus Zac Dalpe in neutral zone.
5:16 of 2nd period - Wrist shot by Cole Koepke.
5:16 of 2nd period - Deflect By Alex Barre-Boulet.
5:16 of 2nd period - Goal by Alex Barre-Boulet - Syracuse Crunch : 1 - Charlotte Checkers : 3.
5:17 of 2nd period - Zac Dalpe wins face-off versus Alex Barre-Boulet in neutral zone.
5:20 of 2nd period - Slapshot by William Lockwood.
5:20 of 2nd period - Deflect By Joseph Cramarossa.
5:20 of 2nd period - Stopped by Luke Peressini without a rebound.
5:21 of 2nd period - Lucas Edmonds wins face-off versus Zac Dalpe in Syracuse Crunch zone.
5:32 of 2nd period - Wrist shot by Alex Barre-Boulet.
5:32 of 2nd period - Shot Misses the Net.
5:50 of 2nd period - Wrist shot by Gabriel Fortier.
5:50 of 2nd period - Stopped by Spencer Knight with a rebound.
5:52 of 2nd period - Wrist shot by Gabriel Fortier.
5:52 of 2nd period - Shot Misses the Net.
5:54 of 2nd period - Wrist shot by Jack Finley.
5:54 of 2nd period - Goal by Jack Finley - Syracuse Crunch : 2 - Charlotte Checkers : 3.
5:55 of 2nd period - Gage Goncalves wins face-off versus William Lockwood in neutral zone.
6:04 of 2nd period - Gage Goncalves is hit by Lucas Carlsson and loses puck.
6:21 of 2nd period - Lucas Carlsson is hit by Cole Koepke and loses puck.
6:29 of 2nd period - Minor Penalty to Frederic Allard for High sticking.
6:30 of 2nd period - Alex Barre-Boulet wins face-off versus Jonah Gadjovich in Charlotte Checkers zone.
6:40 of 2nd period - Snap shot by Simon Ryfors.
6:40 of 2nd period - Shot Misses the Net.
7:02 of 2nd period - Slapshot by Gabriel Fortier.
7:02 of 2nd period - Shot Blocked by Austin Strand.
7:04 of 2nd period - Slapshot by Jack Thompson.
7:04 of 2nd period - Stopped by Spencer Knight without a rebound.
7:05 of 2nd period - Joona Luoto wins face-off versus Logan Brown in Charlotte Checkers zone.
7:18 of 2nd period - Snap shot by Logan Brown.
7:18 of 2nd period - Goal by Logan Brown - Syracuse Crunch : 3 - Charlotte Checkers : 3.
7:19 of 2nd period - Zac Dalpe wins face-off versus Logan Brown in neutral zone.
7:26 of 2nd period - Wrist shot by Zac Dalpe.
7:26 of 2nd period - Shot Misses the Net.
7:28 of 2nd period - Snap shot by Joseph Cramarossa.
7:28 of 2nd period - Stopped by Luke Peressini with a rebound.
7:30 of 2nd period - Slapshot by Calle Sjalin.
7:30 of 2nd period - Shot Blocked by Sean Day.
7:32 of 2nd period - Snap shot by Santtu Kinnunen.
7:32 of 2nd period - Stopped by Luke Peressini without a rebound.
7:33 of 2nd period - Aleksi Heponiemi wins face-off versus Lucas Edmonds in Syracuse Crunch zone.
7:34 of 2nd period - Wrist shot by Jonah Gadjovich.
7:34 of 2nd period - Shot Blocked by Jack Thompson.
7:46 of 2nd period - Wrist shot by Alex Barre-Boulet.
7:46 of 2nd period - Goal by Alex Barre-Boulet - Syracuse Crunch : 4 - Charlotte Checkers : 3.
7:47 of 2nd period - Zac Dalpe wins face-off versus Logan Brown in neutral zone.
7:49 of 2nd period - Minor Penalty to Matt Kiersted for Tripping.
7:50 of 2nd period - Jonah Gadjovich wins face-off versus Alex Barre-Boulet in Charlotte Checkers zone.
9:07 of 2nd period - Alex Barre-Boulet is hit by Patrick Giles and loses puck.
9:18 of 2nd period - Joona Luoto is hit by Jack Finley and loses puck.
9:49 of 2nd period - Penalty to Matt Kiersted is over, Matt Kiersted is back on ice.
10:25 of 2nd period - Gabriel Fortier is hit by Matt Kiersted and loses puck.
10:36 of 2nd period - Declan Carlile is hit by Patrick Giles and loses puck.
11:14 of 2nd period - Logan Brown is hit by Joona Luoto and loses puck.
11:57 of 2nd period - Gage Goncalves is hit by Frederic Allard.
12:29 of 2nd period - Aleksi Heponiemi is hit by Jack Finley and loses puck.
16:49 of 2nd period - Cole Koepke is hit by Patrick Giles and loses puck.
17:42 of 2nd period - Riley Barber is hit by Brenden Miller and loses puck.
Goals for this period are 4 for Syracuse Crunch vs 3 for Charlotte Checkers.
Shots for this period are 6 for Syracuse Crunch vs 9 for Charlotte Checkers.

3rd period


0:01 of 3rd period - Zac Dalpe wins face-off versus Alex Barre-Boulet in neutral zone.
0:08 of 3rd period - Slapshot by Frederic Allard.
0:08 of 3rd period - Stopped by Luke Peressini with a rebound.
0:13 of 3rd period - Off-side.
0:14 of 3rd period - Logan Brown wins face-off versus Aleksi Heponiemi in neutral zone.
0:20 of 3rd period - Major / Game Misconduct Penalty to Austin Strand for Head-butting.
0:20 of 3rd period - Austin Strand is ejected from game.
0:21 of 3rd period - Jonah Gadjovich wins face-off versus Alex Barre-Boulet in Charlotte Checkers zone.
0:21 of 3rd period - Jonah Gadjovich is hit by Simon Ryfors.
1:15 of 3rd period - Lucas Carlsson is hit by Gabriel Fortier.
1:25 of 3rd period - Rocco Grimaldi is hit by Jack Finley.
1:59 of 3rd period - Brandon Hickey is hit by Patrick Giles and loses puck.
2:22 of 3rd period - Riley Barber is hit by Jaydon Dureau and loses puck.
2:27 of 3rd period - Snap shot by Felix Robert.
2:27 of 3rd period - Shot Blocked by Santtu Kinnunen.
2:29 of 3rd period - Slapshot by Mitchell Chaffee.
2:29 of 3rd period - Goal by Mitchell Chaffee - Syracuse Crunch : 5 - Charlotte Checkers : 3.
2:29 of 3rd period - Cayden Primeau enters game.
2:30 of 3rd period - Jonah Gadjovich wins face-off versus Alex Barre-Boulet in neutral zone.
3:41 of 3rd period - Wrist shot by Riley Barber.
3:41 of 3rd period - Shot Misses the Net.
5:20 of 3rd period - Penalty to Austin Strand is over, Patrick Giles is send on ice.
6:54 of 3rd period - Icing by Gabriel Fortier.
6:55 of 3rd period - Gage Goncalves wins face-off versus Zac Dalpe in Syracuse Crunch zone.
7:04 of 3rd period - Minor Penalty to Joseph Cramarossa for Tripping.
7:05 of 3rd period - Alex Barre-Boulet wins face-off versus Jonah Gadjovich in Charlotte Checkers zone.
7:18 of 3rd period - Snap shot by Zac Dalpe.
7:18 of 3rd period - Stopped by Luke Peressini with a rebound.
7:35 of 3rd period - Minor Penalty to Frederic Allard for Holding.
7:36 of 3rd period - Jonah Gadjovich wins face-off versus Alex Barre-Boulet in Charlotte Checkers zone.
8:20 of 3rd period - Off-side.
8:21 of 3rd period - Patrick Giles wins face-off versus Alex Barre-Boulet in neutral zone.
8:24 of 3rd period - Alex Barre-Boulet is hit by Lucas Carlsson and loses puck.
9:04 of 3rd period - Penalty to Joseph Cramarossa is over, Joseph Cramarossa is back on ice.
9:18 of 3rd period - Icing by Brandon Hickey.
9:19 of 3rd period - Patrick Giles wins face-off versus Alex Barre-Boulet in Syracuse Crunch zone.
9:35 of 3rd period - Penalty to Frederic Allard is over, Frederic Allard is back on ice.
9:39 of 3rd period - Backhand shot by Frederic Allard.
9:39 of 3rd period - Shot Misses the Net.
9:41 of 3rd period - Backhand shot by Santtu Kinnunen.
9:41 of 3rd period - Shot Misses the Net.
9:43 of 3rd period - Slapshot by Santtu Kinnunen.
9:43 of 3rd period - Shot Hit the Post.
9:47 of 3rd period - Snap shot by Rocco Grimaldi.
9:47 of 3rd period - Stopped by Luke Peressini with a rebound.
9:49 of 3rd period - Snap shot by Riley Barber.
9:49 of 3rd period - Shot Misses the Net.
9:51 of 3rd period - Snap shot by Rocco Grimaldi.
9:51 of 3rd period - Shot Misses the Net.
10:19 of 3rd period - Frederic Allard is hit by Lucas Edmonds and loses puck.
10:38 of 3rd period - Wrist shot by Rocco Grimaldi.
10:38 of 3rd period - Goal by Rocco Grimaldi - Syracuse Crunch : 5 - Charlotte Checkers : 4.
10:39 of 3rd period - Aleksi Heponiemi wins face-off versus Alex Barre-Boulet in neutral zone.
10:48 of 3rd period - Snap shot by Cole Koepke.
10:48 of 3rd period - Shot Blocked by Lucas Carlsson.
10:50 of 3rd period - Snap shot by Sean Day.
10:50 of 3rd period - Stopped by Cayden Primeau with a rebound.
10:52 of 3rd period - Slapshot by Declan Carlile.
10:52 of 3rd period - Stopped by Cayden Primeau with a rebound.
10:54 of 3rd period - Slapshot by Declan Carlile.
10:54 of 3rd period - Deflect By Alex Barre-Boulet.
10:54 of 3rd period - Shot Blocked by Jonah Gadjovich.
10:54 of 3rd period - Puck is out of play.
10:55 of 3rd period - Zac Dalpe wins face-off versus Logan Brown in Charlotte Checkers zone.
11:02 of 3rd period - Snap shot by Zac Dalpe.
11:02 of 3rd period - Shot Misses the Net.
11:04 of 3rd period - Wrist shot by Zac Dalpe.
11:04 of 3rd period - Shot Misses the Net.
11:06 of 3rd period - Slapshot by Frederic Allard.
11:06 of 3rd period - Shot Misses the Net.
11:08 of 3rd period - Slapshot by William Lockwood.
11:08 of 3rd period - Stopped by Luke Peressini without a rebound.
11:09 of 3rd period - Aleksi Heponiemi wins face-off versus Alex Barre-Boulet in Syracuse Crunch zone.
11:18 of 3rd period - Wrist shot by Aleksi Heponiemi.
11:18 of 3rd period - Stopped by Luke Peressini with a rebound.
11:34 of 3rd period - Jack Finley is hit by Santtu Kinnunen and loses puck.
13:10 of 3rd period - Zac Dalpe is hit by Gage Goncalves and loses puck.
13:40 of 3rd period - Icing by Matt Kiersted.
13:41 of 3rd period - Zac Dalpe wins face-off versus Cole Koepke in Charlotte Checkers zone.
14:22 of 3rd period - Frederic Allard is hit by Alex Barre-Boulet and loses puck.
14:31 of 3rd period - Snap shot by Jonah Gadjovich.
14:31 of 3rd period - Stopped by Luke Peressini with a rebound.
14:41 of 3rd period - Slapshot by Zac Dalpe.
14:41 of 3rd period - Stopped by Luke Peressini with a rebound.
14:43 of 3rd period - Snap shot by Zac Dalpe.
14:43 of 3rd period - Stopped by Luke Peressini with a rebound.
14:45 of 3rd period - Slapshot by Joseph Cramarossa.
14:45 of 3rd period - Shot Misses the Net.
14:55 of 3rd period - Wrist shot by Rocco Grimaldi.
14:55 of 3rd period - Stopped by Luke Peressini with a rebound.
14:57 of 3rd period - Wrist shot by Riley Barber.
14:57 of 3rd period - Deflect By Declan Carlile.
14:57 of 3rd period - Goal by Riley Barber - Syracuse Crunch : 5 - Charlotte Checkers : 5.
14:58 of 3rd period - Alex Barre-Boulet wins face-off versus Aleksi Heponiemi in neutral zone.
15:25 of 3rd period - Jack Thompson is hit by Joseph Cramarossa and loses puck.
15:34 of 3rd period - Snap shot by Gabriel Fortier.
15:34 of 3rd period - Shot Blocked by Joseph Cramarossa.
16:14 of 3rd period - Sean Day is hit by Jonah Gadjovich and loses puck.
16:53 of 3rd period - Rocco Grimaldi is hit by Brenden Miller and loses puck.
17:59 of 3rd period - Snap shot by Rocco Grimaldi.
17:59 of 3rd period - Stopped by Luke Peressini with a rebound.
18:04 of 3rd period - Icing by Jake Massie.
18:05 of 3rd period - Aleksi Heponiemi wins face-off versus Felix Robert in Syracuse Crunch zone.
18:16 of 3rd period - Wrist shot by Jonah Gadjovich.
18:16 of 3rd period - Shot Blocked by Brandon Hickey.
18:23 of 3rd period - Icing by Rocco Grimaldi.
18:24 of 3rd period - Riley Barber wins face-off versus Gage Goncalves in Charlotte Checkers zone.
18:31 of 3rd period - Wrist shot by Rocco Grimaldi.
18:31 of 3rd period - Shot Misses the Net.
18:39 of 3rd period - Slapshot by Rocco Grimaldi.
18:39 of 3rd period - Deflect By Riley Barber.
18:39 of 3rd period - Shot Misses the Net.
18:39 of 3rd period - Puck is out of play.
18:40 of 3rd period - Aleksi Heponiemi wins face-off versus Lucas Edmonds in Syracuse Crunch zone.
18:41 of 3rd period - Wrist shot by Jonah Gadjovich.
18:41 of 3rd period - Stopped by Luke Peressini with a rebound.
18:43 of 3rd period - Wrist shot by Santtu Kinnunen.
18:43 of 3rd period - Shot Misses the Net.
18:45 of 3rd period - Slapshot by Aleksi Heponiemi.
18:45 of 3rd period - Shot Misses the Net.
18:55 of 3rd period - Snap shot by Aleksi Heponiemi.
18:55 of 3rd period - Deflect By Jonah Gadjovich.
18:55 of 3rd period - Shot Misses the Net.
18:55 of 3rd period - Puck is out of play.
18:56 of 3rd period - Gage Goncalves wins face-off versus Riley Barber in Syracuse Crunch zone.
19:03 of 3rd period - Wrist shot by Gage Goncalves.
19:03 of 3rd period - Shot Misses the Net.
19:05 of 3rd period - Snap shot by Logan Brown.
19:05 of 3rd period - Deflect By Gage Goncalves.
19:05 of 3rd period - Goal by Gage Goncalves - Syracuse Crunch : 6 - Charlotte Checkers : 5.
19:06 of 3rd period - Alex Barre-Boulet wins face-off versus Jonah Gadjovich in neutral zone.
19:13 of 3rd period - Charlotte Checkers, Cayden Primeau is pulled from the net.
19:15 of 3rd period - Snap shot by Zac Dalpe.
19:15 of 3rd period - Stopped by Luke Peressini with a rebound.
19:25 of 3rd period - Snap shot by Declan Carlile.
19:25 of 3rd period - Goal by Declan Carlile - Syracuse Crunch : 7 - Charlotte Checkers : 5.
19:25 of 3rd period - Cayden Primeau from Charlotte Checkers was sent back in the game.
19:26 of 3rd period - Riley Barber wins face-off versus Gabriel Fortier in neutral zone.
19:38 of 3rd period - Declan Carlile is hit by Alexander True and loses puck.
19:53 of 3rd period - Snap shot by William Lockwood.
19:53 of 3rd period - Shot Misses the Net.
Goals for this period are 3 for Syracuse Crunch vs 2 for Charlotte Checkers.
Shots for this period are 5 for Syracuse Crunch vs 14 for Charlotte Checkers.